 Dungeon Crawl Stone Soup version 0.30-a0-358-g0d69a1922f (webtiles) character file.

Game seed: 7343782866967511517

569 retardedninja the Trooper (level 7, -6/62 HPs)
             Began as a Minotaur Fighter on Nov 9, 2022.
             Killed from afar by a white imp (10 damage)
             ... with a puff of frost
             ... on level 5 of the Dungeon.
             The game lasted 00:06:24 (3818 turns).

retardedninja the Trooper (Minotaur Fighter)        Turns: 3818, Time: 00:06:24

Health: -6/62      AC:  9    Str: 22    XL:     7   Next: 11%
Magic:  6/6        EV:  9    Int:  5    God:
Gold:   217        SH:  0    Dex: 10    Spells: 6/6 levels left

rFire   . . .      SeeInvis .    v - +1 battleaxe
rCold   . . .      Faith    .    (shield currently unavailable)
rNeg    . . .      Spirit   .    b - +0 scale mail
rPois   .          Reflect  .    (helmet restricted)
rElec   .          Harm     .    d - +1 cloak
rCorr   .          Rampage  .    (no gloves)
Will    .....                    (no boots)
Stlth   ..........               (no amulet)
HPRegen 0.30/turn                (no ring)
MPRegen 0.10/turn                (no ring)

@: attractive
A: horns 2, retaliatory headbutt
a: no special abilities


You were on level 5 of the Dungeon.
You visited 1 branch of the dungeon, and saw 5 of its levels.

You collected 217 gold pieces.

Inventory:

Hand Weapons
 a - a +0 war axe
 v - a +1 battleaxe (weapon)
Armour
 b - a +0 scale mail (worn)
 d - a +1 cloak (worn)
Jewellery
 c - a +4 ring of evasion
Scrolls
 e - a scroll of teleportation
 h - 2 scrolls of identify {unknown}
 j - 2 scrolls of butterflies
Potions
 g - 2 potions of curing
 q - a potion of brilliance {unknown}


   Skills:
 + Level 5.8 Fighting
 + Level 5.0 Axes
 + Level 5.8 Armour
 + Level 5.8 Shields


You had 6 spell levels left.
You didn't know any spells.
Your spell library contained the following spells:

 Spells                   Type           Power      Damage    Failure   Level
 Sting                    Tmut/Pois      0%         1d3       78%         1
 Blink                    Tloc           0%         N/A       89%         2
 Momentum Strike          Conj/Tloc      0%         3d8       89%         2
 Poisonous Vapours        Pois/Air       0%         N/A       89%         2
 Lesser Beckoning         Tloc           0%         N/A       98%         3
 Tukima's Dance           Hex            0%         N/A       98%         3
 Olgreb's Toxic Radiance  Pois           0%         N/A       100%        4
 Passage of Golubria      Tloc           0%         N/A       100%        4
 Yara's Violent Unravell  Hex/Tmut       0%         3d3       100%        5


Dungeon Overview and Level Annotations

Branches:
Dungeon (5/15)
 Temple: D:4-7

Altars:
Dithmenos
Elyvilon
Kikubaaqudgha
Qazlal
Ru
Yredelemnul
The Shining One

Shops:
D:1 (


Innate Abilities, Weirdness & Mutations

You have a pair of horns on your head.
You reflexively headbutt those who attack you in melee.


Message History

[Y]es or [N]o only, please.
Are you sure you want to swing wildly while confused and next to your butterfly?
You miss the white imp. You closely miss the adder. You closely miss something.
You barely miss the ogre.
You feel sick. The adder bites you but does no damage.
The white imp hits you but does no damage.
You hear some strange, mumbled words.
A magic dart appears from out of thin air!
The magic dart hits you but does no damage.
The adder barely misses you.
The ogre hits you with a +0 giant spiked club!!
* * * LOW HITPOINT WARNING * * *
You cannot move. (Use ctrl+direction or * direction to attack while stationary and confused.) Are you sure you want to swing wildly while confused and next to your butterfly?
Okay, then.
It was a potion of flight.
Your roots keep you in place.
You feel sick.
You are no longer poisoned.
The adder bites you but does no damage. Something hits you but does no damage.
The white imp hits you.
* * * LOW HITPOINT WARNING * * *
The white imp freezes you. You resist.
* * * LOW HITPOINT WARNING * * *
It was a potion of attraction.
You feel attractive to monsters.
You feel less confused. The adder bites you but does no damage.
The ogre hits you with a +0 giant spiked club.
* * * LOW HITPOINT WARNING * * *
The white imp hits you but does no damage.
Something hits you but does no damage. The adder bites you but does no damage.
It was a potion of cancellation.
Your magical effects are unravelling.
You feel magically purged.
You feel less wooden.
Your +1 cloak unmelds from your body.
Your +0 scale mail unmelds from your body.
Your resistance to elements expires.
Something completely misses you. The white imp gestures at you.
The puff of frost hits you!
You die...

##.. ##... ##.... #
#.b... . # ######
#.bb.b.## S#. #
...#.####.bbbb.b###S_
##......#...bb.S#O.#5#
#...........bbb.@#..####
.......(...bbbb{5#......
........<#.#bbbbbb#.#..#
.......###bb.bbbbb.....#
.......##..#bbbb.......#
...........#..b...#......
.....#...#....#####.....#
.....# #.......# ....#
.....###....###.... ....#


You could see an ogre (ally target), an adder (ally target) and a white imp
(ally target).

Vanquished Creatures
  Duvessa (D:4)
  A scorpion (D:5)
  Dowan (D:4)
  A vampire bat (D:3)
  An orc priest (D:3)
  Crazy Yiuf (D:3)
  An orc wizard (D:3)
  An iguana (D:4)
  8 adders
  A white imp (D:5)
  An ufetubus (D:5)
  A worm (D:2)
  5 dart slugs
  11 orcs
  A bat skeleton (D:3)
  3 bat zombies (D:3)
  8 endoplasms
  2 giant cockroaches
  7 goblins
  7 hobgoblins
  7 jackals
  4 quokkas
  7 ball pythons
  7 bats
  3 frilled lizards
  11 kobolds
  6 rats
108 creatures vanquished.

Notes
Turn   | Place    | Note
-------+----------+-------------------------------------------
     0 | D:1      | retardedninja the Minotaur Fighter began the quest for the
                  | Orb.
     0 | D:1      | Reached XP level 1. HP: 19/19 MP: 0/0
    87 | D:1      | Reached XP level 2. HP: 27/27 MP: 1/1
   133 | D:1      | Found Waor's Antique Weapon Boutique.
   506 | D:1      | Reached XP level 3. HP: 33/33 MP: 2/2
  1171 | D:2      | Reached XP level 4. HP: 41/41 MP: 3/3
  1402 | D:3      | Found a shadowy altar of Dithmenos.
  1544 | D:3      | Reached XP level 5. HP: 47/47 MP: 4/4
  1660 | D:3      | Found a stormy altar of Qazlal.
  1815 | D:3      | Reached skill level 5 in Armour
  1870 | D:3      | Reached skill level 5 in Fighting
  1870 | D:3      | Found an ancient bone altar of Kikubaaqudgha.
  1873 | D:3      | Reached skill level 5 in Shields
  2171 | D:3      | Found a runed translucent door.
  2172 | D:3      | Noticed Crazy Yiuf
  2410 | D:3      | Killed Crazy Yiuf
  2411 | D:3      | Reached XP level 6. HP: 48/56 MP: 5/5
  2609 | D:3      | Found a white marble altar of Elyvilon.
  2694 | D:4      | Found a glowing golden altar of the Shining One.
  2699 | D:4      | Found a basalt altar of Yredelemnul.
  2943 | D:4      | Noticed Duvessa
  2943 | D:4      | Noticed Dowan
  2953 | D:4      | Killed Duvessa
  2963 | D:4      | Killed Dowan
  3755 | D:5      | Entered Level 5 of the Dungeon
  3794 | D:5      | Found a sacrificial altar of Ru.
  3809 | D:5      | Reached skill level 5 in Axes
  3809 | D:5      | Reached XP level 7. HP: 14/62 MP: 6/6
  3818 | D:5      | Killed from afar by a white imp

Illustrated notes

Levels and vault maps discovered:
D:1:      doesnt_arrival_eight_statues, layout_loops_ring, serial_shops,
          nicolae_shop_waterfront, minmay_parallelograms,
          minmay_stone_trees_small, minmay_unequal
D:2:      layout_basic, kennysheep_donut
D:3:      layout_loops_ring, nicolae_dithmenos_through_a_glass_darkly,
          nicolae_overflow_hidden_temple, kennysheep_vampire_church,
          nicolae_qazlal_scattered_showers, uniq_crazy_yiuf_cottage
D:4:      layout_rooms, grunt_temple_overflow_holy_war, serial_forest,
          infiniplex_forest_end_1, infiniplex_forest_lined_room_3,
          infiniplex_forest_lined_2, infiniplex_forest_end_1,
          infiniplex_forest_straight_3, infiniplex_forest_corner_1,
          infiniplex_forest_lined_1, infiniplex_forest_side_room,
          infiniplex_forest_3_way, infiniplex_forest_end_2, uniq_duvessa
D:5:      layout_cave_pools, xom_redecorated, grunt_temple_overflow_cloverleaf,
          minmay_temple_entry_proselytizer, lightli_sewer_entry_pipes,
          minmay_ruined_shrine

Skill      XL: |  1  2  3  4  5  6 |
---------------+-------------------+-----
Fighting       | 4 5 |  5.8
Armour         | 4 5 |  5.8
Shields        | 4 5 |  5.8
Axes           | 3 4 5 |  5.0

Action                   |  1- 3 |  4- 6 |  7- 9 || total
-------------------------+-------+-------+-------++-------
Melee: War axe           |    94 |   109 |       ||   203
       Headbutt          |    12 |    22 |       ||    34
       Battleaxe         |       |    18 |     1 ||    19
  Use: Potion            |       |     2 |     8 ||    10
       Scroll            |       |    10 |     1 ||    11
Armor: Scale mail        |    65 |    65 |       ||   130
       Skin              |       |    17 |    22 ||    39
Dodge: Dodged            |    56 |    77 |     4 ||   137
Block: Buckler           |    22 |    24 |       ||    46

Table legend: (Time is in decaauts)
 A = Elapsed time spent in this place.
 B = Non-inter-level travel time spent in this place.
 C = Inter-level travel time spent in this place.
 D = Time resting spent in this place.
 E = Time spent auto-exploring this place.
 F = Levels seen in this place.
 G = Mean time per level.
                   A        B        C        D        E       F      G
               +--------+--------+--------+--------+--------+-----+--------+
         Total |   3905 |   3752 |    153 |    586 |   2494 |   5 |  781.0 |
       Dungeon |   3905 |   3752 |    153 |    586 |   2494 |   5 |  781.0 |
               +--------+--------+--------+--------+--------+-----+--------+

Top non-repeatable levels by time:
     D:4: 1244 daAuts
     D:3: 1168 daAuts
     D:1: 936 daAuts
     D:2: 489 daAuts
     D:5: 66 daAuts
